 Dungeon Crawl Stone Soup version 0.28.0 (webtiles) character file.

Game seed: 17089122356524756170

108 SnakkuSnakku7 the Insei (level 4, 0/30 HPs)
             Began as a Vampire Fire Elementalist on Feb 14, 2022.
             Slain by a goblin (2 damage)
             ... led by Robin
             ... on level 2 of the Dungeon.
             The game lasted 00:02:56 (1545 turns).

SnakkuSnakku7 the Insei (Vampire Fire Elementalist) Turns: 1545, Time: 00:02:56

Health: 0/30       AC:  2    Str:  9    XL:     4   Next: 58%
Magic:  6/7        EV: 12    Int: 17    God:
Gold:   91         SH:  3    Dex: 14    Spells: 6/7 levels left

rFire   . . .      SeeInvis +     - Unarmed
rCold   . . .      Faith    .   i - +0 buckler
rNeg    . . .      Spirit   .   a - +0 robe
rPois   .          Reflect  .   (no helmet)
rElec   .          Harm     .   (no cloak)
rCorr   .          Rampage  .   (no gloves)
Will    .....                   (no boots)
Stlth   ++........              (no amulet)
HPRegen 0.30/turn               (no ring)
MPRegen 0.10/turn               (no ring)

@: healing quickly
A: alive, fangs 3, see invisible, vampiric 2
a: Exsanguinate


You were on level 2 of the Dungeon.
You visited 1 branch of the dungeon, and saw 3 of its levels.

You collected 91 gold pieces.

Inventory:

Armour
 a - a +0 robe (worn)
 i - a +0 buckler (worn)
Jewellery
 e - a ring of ice
Scrolls
 b - 2 scrolls of amnesia {unknown}
 c - a scroll of identify {unknown}
 d - 2 scrolls of enchant armour {unknown}
 f - a scroll of enchant weapon {unknown}
 g - 2 scrolls of vulnerability {unknown}
 h - a scroll of magic mapping {unknown}
Potions
 j - a potion of heal wounds {unknown}


   Skills:
 - Level 2.1 Dodging
 - Level 3.0 Stealth
 + Level 4.7 Unarmed Combat
 - Level 2.0 Spellcasting
 - Level 0.6 Conjurations
 - Level 2.4 Fire Magic


You had 6 spell levels left.
You knew the following spells:

 Your Spells              Type           Power      Damage    Failure   Level
a - Foxfire               Conj/Fire      24%        2x1d5     14%         1

Your spell library contained the following spells:

 Spells                   Type           Power      Damage    Failure   Level
 Scorch                   Fire           18%        2d5       16%         2
 Conjure Flame            Conj/Fire      6%         6-21      38%         3
 Inner Flame              Hex/Fire       5%         N/A       43%         3
 Flame Wave               Conj/Fire      6%         2d5       80%         4


Dungeon Overview and Level Annotations

Branches:
Dungeon (3/15)

Altars:

Annotations:
D:3 Robin


Innate Abilities, Weirdness & Mutations

Your natural rate of healing is accelerated.
You have razor-sharp teeth.
You have supernaturally acute eyesight. (SInv)
You are afflicted with vampirism and can become a bat while bloodless.


Message History

You kill the goblin!
You hit the goblin. Your bite misses the goblin.
The goblin is severely wounded.
You barely miss the goblin. You bite the goblin.
You kill the goblin!
You hit the goblin but do no damage. The goblin barely misses you.
You miss the goblin. You bite the goblin.
You kill the goblin!
The goblin shoots a stone.
You block the stone.
You swing at nothing.
The goblin shoots a stone.
The stone closely misses you.
You swing at nothing.
The goblin shoots a stone.
The stone hits you.
The goblin unwields a +0 hunting sling.
The goblin wields a +2 dagger of holy wrath.
It softly glows with a divine radiance!
The goblin hits you with a +2 dagger of holy wrath.
You convulse.
Items here: ))) ††.
You barely miss the goblin. Your bite misses the goblin.
The goblin hits you with a +2 dagger of holy wrath.
You convulse.
You hit the goblin.
The goblin is heavily wounded.
You block the goblin's attack.
You hit the goblin but do no damage.
The goblin is heavily wounded.
The goblin hits you with a +2 dagger of holy wrath.
* * * LOW HITPOINT WARNING * * *
You convulse.
* * * LOW HITPOINT WARNING * * *
There is a stone staircase leading up here.
The goblin barely misses you.
You climb upwards.
There is a stone staircase leading down here.
Casting: Foxfire (safe; 14% risk of failure)
Press: ? - help, Q - select action Dir - look around, f - activate You conjure some foxfire!
The goblin hits you with a +2 dagger of holy wrath.
* * * LOW HITPOINT WARNING * * *
You convulse.
You die...

.#.#†#########.###.....#.###
.#...# ##.##........# ###..#
##...#.......## ###..#
##............# .##..##
#............## ..#...##
#>...........#
.......####............# #####
..#........#....vv.....####...#
#.##.#...#.....g@.......<.....#
#..#.#.#.##..#########.####...#
##.......##.#### #.#......#
###.#.........## #...##.†.#
#.##..###.#..# ####..#######
#.##...##.##.###.....#########
#.###...#........##.#........#
####.##.......##....##.#........#
..........÷............#........#


You could see a goblin (ally target).

Vanquished Creatures
  Jessica (D:2)
  An adder (D:2)
  A worm (D:2)
  A dart slug (D:1)
  8 endoplasms
  2 giant cockroaches (D:2)
  7 goblins
  10 hobgoblins
  8 jackals (D:1)
  3 kobolds
  2 quokkas
  A ball python (D:1)
  6 bats
  4 frilled lizards
  4 rats
59 creatures vanquished.

Vanquished Creatures (others)
  51 foxfires
51 creatures vanquished.

Grand Total: 110 creatures vanquished

Notes
Turn   | Place    | Note
-------+----------+-------------------------------------------
     0 | D:1      | SnakkuSnakku7 the Vampire Fire Elementalist began the quest
                  | for the Orb.
     0 | D:1      | Reached XP level 1. HP: 13/13 MP: 3/3
    74 | D:1      | Reached skill level 1 in Unarmed Combat
   102 | D:1      | Reached XP level 2. HP: 19/19 MP: 1/5
   120 | D:1      | Reached skill level 2 in Unarmed Combat
   391 | D:1      | Reached skill level 3 in Unarmed Combat
   391 | D:1      | Gained mutation: You are afflicted with vampirism and can
                  | become a bat while bloodless. [Vampire growth]
   391 | D:1      | Reached XP level 3. HP: 24/24 MP: 6/6
  1135 | D:2      | Reached skill level 4 in Unarmed Combat
  1159 | D:2      | Reached XP level 4. HP: 30/30 MP: 0/7
  1189 | D:2      | Noticed Jessica
  1193 | D:2      | Killed Jessica
  1482 | D:3      | Noticed Robin
  1545 | D:2      | Slain by a goblin

Illustrated notes

Levels and vault maps discovered:
D:1:      shiori_arrival_maze, layout_loops_ring
D:2:      layout_rooms, uniq_jessica
D:3:      layout_basic, gammafunk_ghost_split, grunt_ministairs_2, uniq_robin

Skill      XL: |  1  2  3 |
---------------+----------+-----
Unarmed Combat | 1 3 4 |  4.7
Dodging        | |  2.1
Stealth        | |  3.0
Spellcasting   | |  2.0
Conjurations   | |  0.6
Fire Magic     | |  2.4

Action                   |  1- 3 |  4- 6 || total
-------------------------+-------+-------++-------
Melee: Unarmed           |   138 |    30 ||   168
       Bite              |    13 |     6 ||    19
       Punch             |     1 |       ||     1
 Cast: Foxfire           |    23 |    10 ||    33
 Stab: Sleeping          |     4 |     1 ||     5
Armor: Robe              |    27 |     3 ||    30
Dodge: Dodged            |    94 |    13 ||   107
Block: Buckler           |       |     7 ||     7
